 Dungeon Crawl Stone Soup version 0.29-a0-362-g5854e031c7 (webtiles) character file.

Game seed: 11436981623295776856

82 spaghetti the Magician (level 4, -2/34 HPs)
             Began as a Djinni Necromancer on Apr 29, 2022.
             Slain by an orc
             ... wielding a +0 club
              (4 damage)
             ... on level 3 of the Dungeon.
             The game lasted 00:03:48 (3370 turns).

spaghetti the Magician (Djinni Necromancer)         Turns: 3370, Time: 00:03:48

Health: -2/34      AC:  3    Str:  7    XL:     4   Next: 70%
Gold:   135        EV: 12    Int: 18    God:
                   SH:  0    Dex: 14

rFire   + + .      SeeInvis .   (no weapon)
rCold   x . .      Faith    .   (no shield)
rNeg    . . .      Spirit   .   a - +0 robe
rPois   ∞          Reflect  .   (no helmet)
rElec   .          Harm     .   (no cloak)
rCorr   .          Rampage  .   p - +0 pair of gloves
Will    .....                   (boots unavailable)
Stlth   ++........              (no amulet)
HPRegen 0.11/turn               (no ring)
MPRegen 0.00/turn               (no ring)

@: flying, very slightly contaminated
A: sickness immunity, fire resistance 2, cold vulnerability 1, float, innate
caster, HP casting, extra vitality 1
a: no special abilities


You were on level 3 of the Dungeon.
You visited 1 branch of the dungeon, and saw 3 of its levels.

You collected 135 gold pieces.


Innate Abilities, Weirdness & Mutations

You are immune to sickness and miasma.
You are immune to poison.
Your flesh is very heat resistant. (rF++)
You are vulnerable to cold. (rC-)
You float through the air rather than walking.
You learn spells naturally, not from books.
Your magical power is your life essence.
You have superior vitality. (+4 MHP)


   Skills:
 + Level 2.6 Fighting
 - Level 2.1 Dodging
 - Level 1.5 Stealth
 + Level 4.0 Spellcasting


You couldn't memorise any spells.
You knew the following spells:

 Your Spells              Type           Power      Damage    Failure   Level
a - Pain                  Necr           72%        1d7       2%          1
b - Animate Skeleton      Necr           36%        N/A       2%          1
c - Vampiric Draining     Necr           18%        2d7       9%          3
d - Animate Dead          Necr           9%         N/A       28%         4
e - Agony                 Necr           18%        N/A       61%         5
f - Apportation           Tloc           36%        N/A       2%          1
Your spell library was empty.

Inventory:

Hand Weapons
 c - a +0 dagger {short}
   (You took it off a goblin on level 1 of the Dungeon)
 d - a +0 dagger {short}
   (You took it off a kobold on level 1 of the Dungeon)
 e - a +1 vorpal mace {mace}
   (You found it on level 1 of the Dungeon)
 f - a +0 hand axe {axe}
   (You found it on level 1 of the Dungeon)
 g - a +0 dagger {short}
   (You took it off a goblin on level 1 of the Dungeon)
 l - a +0 dagger {short}
   (You took it off a goblin on level 1 of the Dungeon)
 o - a +0 dagger {short}
   (You took it off a goblin on level 1 of the Dungeon)
 r - a +0 club {mace}
   (You took it off a goblin on level 1 of the Dungeon)
 u - a +0 club {mace}
   (You took it off a goblin on level 2 of the Dungeon)
 v - a +0 mace {mace}
   (You found it on level 2 of the Dungeon)
 y - a +0 club {mace}
   (You took it off a kobold on level 2 of the Dungeon)
 A - a +0 club {mace}
   (You took it off a goblin on level 3 of the Dungeon)
 B - a +0 whip {mace}
   (You found it on level 3 of the Dungeon)
Missiles
 s - 59 stones (quivered) {throwing}
 w - a throwing net {=f!fthrowing}
Armour
 a - a +0 robe (worn)
 p - a +0 pair of gloves (worn)
   (You found it on level 1 of the Dungeon)
Scrolls
 b - a scroll of fog {unknown}
 h - a scroll of enchant weapon {unknown}
 i - a scroll of amnesia {unknown}
 j - 3 scrolls of identify {unknown}
 k - a scroll of summoning {unknown}
 m - a scroll of immolation {unknown}
 n - a scroll of teleportation {unknown}
 x - a scroll of vulnerability {unknown}
 z - a scroll of noise {unknown}
 C - a scroll of silence {unknown}
Potions
 q - a potion of brilliance {unknown}
 t - a potion of heal wounds {unknown}

Dungeon Overview and Level Annotations

Branches:
Dungeon (3/15)

Altars:

#.......#
#.......#
#.......#
#.......#
#(.....(## ##
......... .#
#.......#####.#
((...(oo.o@b..#
...##+##.{o...#
##.⌠...#
##...## ##..#
##.# #.# #.#
#.#


You could see an orc priest, 3 orcs and a bat.


Message History

No target in view!
No target in view!
No target in view!
No target in view!
No target in view!
No target in view!
No target in view!
No target in view!
No target in view!
s - 62 stones {throwing} (gained 1)
s - 63 stones {throwing} (gained 1)
s - 64 stones {throwing} (gained 1)
s - 65 stones {throwing} (gained 1)
An orc wizard and a bat come into view.
There are monsters nearby!
There are monsters nearby!
You throw a stone {throwing}.
The stone {throwing} hits the orc wizard but does no damage.
The orc wizard shouts!
You hear a shout!
An orc priest comes into view.
It is wielding a +1 flail of holy wrath.
You hear a shout!
You throw a stone {throwing}.
The stone {throwing} hits the orc wizard but does no damage.
You throw a stone {throwing}.
The stone {throwing} hits the bat but does no damage.
The bat barely misses you.
An orc comes into view. It is wielding a +0 dagger.
You hit the bat. The bat hits you but does no damage.
You throw a stone {throwing}. The stone {throwing} hits the bat.
The bat barely misses you.
An orc comes into view. It is wielding a +0 club.
The orc wizard gestures wildly while chanting.
The orc wizard flickers and vanishes!
Deactivating autopickup; reactivate with Ctrl-A.
You throw a stone {throwing}. The orc shouts!
The stone {throwing} hits the bat but does no damage.
You hear a shout!
The bat misses you.
You throw a stone {throwing}.
The stone {throwing} barely misses the bat.
The bat barely misses you.
You hear some strange, mumbled words.
You are confused.
The orc priest mumbles some strange prayers to Beogh against you.
Unknown command.
The bat hits you but does no damage.
An orc comes into view. It is wielding a +0 flail.
The bat barely misses you.
You bump into the rock wall.
The bat closely misses you.
Unknown command.
Unknown command.
The bat hits you but does no damage. The orc barely misses you.
Something hits you. 😕 HP[-4]
You take 4 damage, and now have 30/34 hp.
The orc attacks as you move away! The orc hits you with a +0 club.
The bat hits you.
Something hits you but does no damage. 😮 HP[-6]
You take 6 damage, and now have 24/34 hp.
Something hits you but does no damage. The orc attacks as you move away!
The orc misses you. The bat attacks as you move away!
The bat hits you but does no damage.
You feel less confused. The bat barely misses you.
The orc priest mumbles some strange prayers to Beogh against you.
Beogh smites you!
* * * LOW HITPOINT WARNING * * *
😨 HP[-12]
You take 12 damage, and now have 12/34 hp.
MASSIVE DAMAGE!! (PAUSE) Unknown command.
Casting: Vampiric Draining (dangerous; 9% risk of failure)
Confirm with . or Enter, or press ? or * to list all spells.
Aiming: Vampiric Draining (dangerous; 9% risk of failure)
Press: ? - help, Shift-Dir - straight line, f/p - bat
Aim: a bat You miscast Vampiric Draining.
You are very lightly contaminated with residual magic.
Nothing appears to happen.
* * * LOW HITPOINT WARNING * * *
The bat hits you.
* * * LOW HITPOINT WARNING * * *
Something hits you.
* * * LOW HITPOINT WARNING * * *
😱 HP[-6]
You take 6 damage, and now have 6/34 hp.
Casting: Vampiric Draining (dangerous; 9% risk of failure)
Confirm with . or Enter, or press ? or * to list all spells.
Aiming: Vampiric Draining (dangerous; 9% risk of failure)
Press: ? - help, Shift-Dir - straight line, f - orc, p - bat
Aim: an orc, wielding a +0 dagger You draw life force from the orc.
You feel life coursing into your body.
* * * LOW HITPOINT WARNING * * *
The bat hits you.
* * * LOW HITPOINT WARNING * * *
The orc hits you with a +0 dagger.
* * * LOW HITPOINT WARNING * * *
The orc hits you with a +0 club.
You die...

Skill      XL: |  1  2  3  4 |
---------------+-------------+-----
Fighting       | 1 2 |  2.6
Spellcasting   | 4 |  4.0
Dodging        | |  2.1
Stealth        | |  1.5

Action                   |  1- 3 |  4- 6 || total
-------------------------+-------+-------++-------
Melee: Unarmed           |    22 |    18 ||    40
       Punch             |       |     1 ||     1
Throw: Stone             |    54 |    31 ||    85
 Cast: Pain              |    35 |       ||    35
       Vampiric Draining |    14 |    15 ||    29
       Animate Skeleton  |     2 |     1 ||     3
Armor: Robe              |    12 |     7 ||    19
Dodge: Dodged            |    35 |    34 ||    69

Levels and vault maps discovered:
D:1:      lemuel_arrival_funnel, layout_loops_ring, kennysheep_boxes
D:2:      layout_loops_ring
D:3:      layout_rooms, nicolae_overflow_ecumenical_swirl, ebering_ghost_sewer_f

Notes
Turn   | Place    | Note
-------+----------+-------------------------------------------
     0 | D:1      | spaghetti the Djinni Necromancer began the quest for the
                  | Orb.
     0 | D:1      | Reached XP level 1. HP: 15/15 MP: 0/0
     0 | D:1      | magus.rc [v1.9.6]
   447 | D:1      | Reached XP level 2. HP: 19/22 MP: 0/0
   510 | D:1      | Reached skill level 1 in Fighting
  1781 | D:2      | Reached XP level 3. HP: 25/27 MP: 0/0
  1781 | D:2      | Learned a level 1 spell: Apportation
  2274 | D:2      | Reached skill level 2 in Fighting
  2869 | D:3      | Reached XP level 4. HP: 28/33 MP: 0/0
  3340 | D:3      | Reached skill level 4 in Spellcasting
  3369 | D:3      | HP: 8/34 [bat (1)]
  3370 | D:3      | HP: 2/34 [orc/+0 dagger (2)]
  3370 | D:3      | Slain by an orc

Vanquished Creatures
  3 adders
  2 worms (D:3)
  A dart slug (D:2)
  4 endoplasms
  6 hobgoblins
  3 jackals (D:3)
  2 quokkas
  5 ball pythons
  4 bats
  2 frilled lizards (D:1)
  7 goblins
  2 kobolds
  6 rats
47 creatures vanquished.

Table legend:
 A = Non-vault XP
 B = Vault XP
 C = Vault XP percentage of total XP
 D = Non-vault monster count
 E = Vault monster count
 F = Vault count percentage of total count
                 A         B        C        D         E       F
            +---------+---------+-------+---------+---------+-------
      Total |     118 |       0 |   0.0 |      47 |       0 |   0.0
            +---------+---------+-------+---------+---------+-------
        D:1 |      26 |       0 |   0.0 |      18 |       0 |   0.0
        D:2 |      39 |       0 |   0.0 |      15 |       0 |   0.0
        D:3 |      53 |       0 |   0.0 |      14 |       0 |   0.0
            +---------+---------+-------+---------+---------+-------

Illustrated notes

Table legend:
 A = Kills in this place as a percentage of kills in entire the game.
 B = Kills by you in this place as a percentage of kills by you in the entire game.
 C = Kills by friends in this place as a percentage of kills by friends in the entire game.
 D = Other kills in this place as a percentage of other kills in the entire game.
 E = Experience gained in this place as a percentage of experience gained in the entire game.
 F = Experience gained in this place divided by the number of levels of this place that you have seen.
                   A       B       C       D       E      F
               +-------+-------+-------+-------+-------+----------------------
         Total | 100.0 | 100.0 |   N/A |   N/A | 100.0 |  39.3
       Dungeon | 100.0 | 100.0 |   N/A |   N/A | 100.0 |  39.3
               +-------+-------+-------+-------+-------+----------------------

Table legend: (Time is in decaauts)
 A = Elapsed time spent in this place.
 B = Non-inter-level travel time spent in this place.
 C = Inter-level travel time spent in this place.
 D = Time resting spent in this place.
 E = Time spent auto-exploring this place.
 F = Levels seen in this place.
 G = Mean time per level.
                   A        B        C        D        E       F      G
               +--------+--------+--------+--------+--------+-----+--------+
         Total |   3379 |   3327 |     52 |   1147 |   1839 |   3 | 1126.3 |
       Dungeon |   3379 |   3327 |     52 |   1147 |   1839 |   3 | 1126.3 |
               +--------+--------+--------+--------+--------+-----+--------+

Top non-repeatable levels by time:
     D:1: 1618 daAuts
     D:2: 1287 daAuts
     D:3: 473 daAuts
